[Event "Titled Tuesday Blitz August 17 2021"]
[White "Nogerbek, Kazybek"]
[Black "Yi, Richard"]
[WhiteFideId "13710427"]
[BlackFideId "2079518"]
[WhiteElo "2436"]
[BlackElo "2425"]
[Result "1-0"]
[Round "01"]
[TimeControl "180+1"]
[Date "2021.08.17"]
[WhiteClock "0:00:07"]
[BlackClock "0:00:02"]

1. d4 Nf6 2. c4 g6 3. Nc3 d5 4. cxd5 Nxd5 5. e4 Nxc3 6. bxc3 Bg7 7. Bc4 c5 8. Ne2 O-O 9. Be3 Nc6 10. O-O b6 11. Qd2 Bb7 12. Rad1 Qc7 13. Bd3 Rfd8 14. d5 Ne5 15. c4 e6 16. f4 Ng4 17. Kh1 Nxe3 18. Qxe3 f5 19. dxe6 Rxd3 20. Qxd3 Bxe4 21. Qd7 Qxd7 22. Rxd7 Re8 23. e7 a6 24. Ng3 Bc6 25. Rd6 Ba4 26. Rxb6 Rxe7 27. Rxa6 Be8 28. h3 h5 29. Rf2 Kh7 30. Re2 Rxe2 31. Nxe2 Bf7 32. Ra4 Bb2 33. Ng1 Bc1 34. Ra7 Kg8 35. Ne2 Be3 36. Re7 Bd2 37. Rd7 Bb4 38. Rxf7 Kxf7 39. Kg1 Kf6 40. Kf2 Ke6 41. Ke3 Kd6 42. Kd3 Kc6 43. Kc2 Kb6 44. Kb3 Ka5 45. Nc1 Bd2 46. Nd3 Be3 47. Ne5 g5 48. fxg5 Bxg5 49. Nd7 Be3 50. Nf8 h4 51. Ne6 f4 52. Ng5 Bf2 53. Nf3 Bg3 54. Nd2 Bf2 55. Kc2 Be3 56. Nf3 Kb4 57. Kd3 Ka3 58. Nxh4 Kxa2 59. Nf5 Bf2 60. h4 Kb3 61. h5 Be1 62. h6 Bc3 63. h7 Bh8 64. Nh6 Bg7 65. Nf7 f3 66. gxf3 Bh8 67. Nxh8 1-0


[Site "https://www.chess.com"]

[Event "Titled Tuesday Blitz August 17 2021"]
[White "Nurmanova, Alua"]
[Black "Yoo, Christopher Woojin"]
[WhiteFideId "13729390"]
[BlackFideId "30909694"]
[WhiteElo "1869"]
[BlackElo "2105"]
[Result "0-1"]
[Round "01"]
[TimeControl "180+1"]
[Date "2021.08.17"]
[WhiteClock "0:00:04"]
[BlackClock "0:00:03"]

1. e4 e5 2. Nf3 Nc6 3. Bb5 a6 4. Ba4 Nf6 5. O-O Nxe4 6. d4 b5 7. Bb3 d5 8. dxe5 Be6 9. Be3 Be7 10. Nbd2 Nc5 11. c3 Nxb3 12. Nxb3 O-O 13. Re1 Bg4 14. Bf4 Qd7 15. h3 Bh5 16. Qd3 Rfd8 17. Nfd4 Bg6 18. Qd2 Be4 19. f3 Bf5 20. Nxf5 Qxf5 21. Rad1 Qe6 22. Bg3 a5 23. f4 d4 24. cxd4 Bb4 25. Qd3 Bxe1 26. Bxe1 a4 27. d5 axb3 28. axb3 Qe8 29. Qe4 Ne7 30. f5 f6 31. e6 Qh5 32. g4 Qxh3 33. Rd3 Qh6 34. Bb4 Ra1+ 35. Kf2 Qh2+ 36. Ke3 Qg1+ 37. Ke2 Qf1+ 38. Ke3 Re1+ 39. Bxe1 Qxe1+ 40. Kf4 Qf2+ 41. Rf3 Qd2+ 42. Kg3 Rxd5 43. Rc3 c5 44. b4 c4 45. Re3 Qxb2 46. Qf3 Qd4 47. Ra3 Qb6 48. Ra8+ Rd8 49. Rxd8+ Qxd8 50. Qb7 Qe8 51. Kf4 h5 52. gxh5 Kh7 53. h6 Kxh6 54. Qh1+ Qh5 55. Qb7 Qxf5+ 56. Kg3 Qxe6 0-1


[Site "https://www.chess.com"]

[Event "Titled Tuesday Blitz August 17 2021"]
[White "Ozen, Bahadir"]
[Black "Hoffmann, Asa"]
[WhiteFideId "6337058"]
[BlackFideId "2001470"]
[WhiteElo "2503"]
[BlackElo "2117"]
[Result "1-0"]
[Round "01"]
[TimeControl "180+1"]
[Date "2021.08.17"]
[WhiteClock "0:00:40"]
[BlackClock "0:00:10"]

1. g3 d6 2. Bg2 e5 3. c4 c6 4. Nc3 Nf6 5. e4 Be6 6. d3 d5 7. exd5 cxd5 8. Bg5 Bb4 9. Bxf6 gxf6 10. cxd5 Bxd5 11. Nf3 Nc6 12. O-O Be6 13. Nh4 Qd7 14. Ne4 Be7 15. Rc1 O-O 16. Qh5 Rac8 17. Qh6 Qd8 18. Nxf6+ Bxf6 19. Be4 Re8 20. Bxh7+ Kh8 21. Bg6+ Kg8 22. Bh7+ Kh8 23. Be4+ Kg8 24. f4 Bg7 25. Qh7+ Kf8 26. f5 Qg5 27. fxe6 Rxe6 28. Ng6+ Ke8 29. Qg8+ Kd7 30. Qxf7+ Ne7 31. Rxc8 Kxc8 32. Qxe6+ 1-0


[Site "https://www.chess.com"]

[Event "Titled Tuesday Blitz August 17 2021"]
[White "Pacheco Lugo, Alejandro Jose"]
[Black "gurelediz"]
[WhiteFideId "3903745"]
[WhiteElo "2125"]
[BlackElo "2709"]
[Result "0-1"]
[Round "01"]
[TimeControl "180+1"]
[Date "2021.08.17"]
[WhiteClock "0:00:01"]
[BlackClock "0:00:15"]

1. e4 c5 2. Nf3 e6 3. d4 cxd4 4. Nxd4 Nc6 5. c4 Nf6 6. Nxc6 bxc6 7. Bd3 d5 8. cxd5 cxd5 9. O-O dxe4 10. Qa4+ Bd7 11. Bb5 Bxb5 12. Qxb5+ Qd7 13. Qe2 Qd3 14. Qe1 Bc5 15. Nc3 h6 16. Be3 Bxe3 17. fxe3 O-O 18. Rd1 Qc4 19. Rd4 Qc6 20. Rxf6 gxf6 21. Nxe4 Rfd8 22. Qg3+ Kf8 23. Qh4 Rxd4 24. Qxh6+ Ke8 25. Nxf6+ Ke7 26. exd4 Qc2 27. Qg5 Qb1+ 28. Kf2 Qxb2+ 29. Kg3 Qc3+ 30. Kh4 Qxd4+ 31. Ng4+ Kd6 32. Kg3 Rc8 33. h3 f5 0-1


[Site "https://www.chess.com"]

[Event "Titled Tuesday Blitz August 17 2021"]
[White "Pajeken, Jakob Leon"]
[Black "Moskalenko, Alexander"]
[WhiteFideId "12942839"]
[BlackFideId "4155351"]
[WhiteElo "2231"]
[BlackElo "2495"]
[Result "0-1"]
[Round "01"]
[TimeControl "180+1"]
[Date "2021.08.17"]
[WhiteClock "0:00:36"]
[BlackClock "0:01:32"]

1. d4 g6 2. e4 Bg7 3. Nc3 d6 4. Be3 a6 5. h4 h5 6. f3 b5 7. a4 b4 8. Nd5 a5 9. Nh3 c6 10. Ndf4 Bxh3 11. Nxh3 Nd7 12. Ng5 Ngf6 13. Bc4 d5 14. Bb3 e6 15. O-O Nh7 16. Qd3 Nxg5 17. Bxg5 Bf6 18. f4 Qb6 19. Rad1 dxe4 20. Qxe4 O-O 21. Bh6 Bg7 22. Bxg7 Kxg7 23. g4 hxg4 24. h5 Rae8 25. hxg6 f5 26. Qe3 Kxg6 27. Bxe6 Qc7 28. Rde1 Nf6 29. Qb3 Qd6 30. c3 Ne4 31. Rxe4 fxe4 32. f5+ Kf6 33. Kg2 Rh8 34. Rh1 Qf4 35. Rxh8 Qf3+ 36. Kg1 Rxh8 0-1


[Site "https://www.chess.com"]

[Event "Titled Tuesday Blitz August 17 2021"]
[White "Palchuk, Andrii"]
[Black "Khanin, Semen"]
[WhiteFideId "14176688"]
[BlackFideId "4111990"]
[WhiteElo "2320"]
[BlackElo "2521"]
[Result "0-1"]
[Round "01"]
[TimeControl "180+1"]
[Date "2021.08.17"]
[WhiteClock "0:00:15"]
[BlackClock "0:01:44"]

1. e4 g6 2. d4 Bg7 3. Nc3 d6 4. Be3 a6 5. Qd2 b5 6. a3 Bb7 7. f3 Nd7 8. O-O-O e6 9. h4 h6 10. g4 Ne7 11. Nge2 Rc8 12. Kb1 c5 13. dxc5 dxc5 14. Bg2 Qc7 15. Bf4 Ne5 16. Bxe5 Bxe5 17. f4 Bg7 18. Nc1 b4 19. axb4 cxb4 20. N3e2 O-O 21. h5 Rfd8 22. Nd3 a5 23. hxg6 fxg6 24. Qc1 b3 25. c3 a4 26. g5 h5 27. Bh3 Bxe4 28. Bxe6+ Kh7 29. Bxc8 Qxc8 30. Ka1 Rxd3 31. Rxd3 Bxd3 32. Rh4 Bxe2 33. Qe3 Nf5 0-1


[Site "https://www.chess.com"]

[Event "Titled Tuesday Blitz August 17 2021"]
[White "Pandey Srishti"]
[Black "Sapunov, Evgeny"]
[WhiteFideId "35093290"]
[BlackFideId "4126661"]
[WhiteElo "1816"]
[BlackElo "2470"]
[Result "0-1"]
[Round "01"]
[TimeControl "180+1"]
[Date "2021.08.17"]
[WhiteClock "0:00:04"]
[BlackClock "0:00:29"]

1. d4 Nf6 2. c4 g6 3. Nc3 Bg7 4. e4 O-O 5. Bd3 Nc6 6. Nge2 e5 7. d5 Nd4 8. O-O c5 9. a3 d6 10. b4 b6 11. Rb1 Nh5 12. Bc2 a6 13. Na4 Bg4 14. f3 Bd7 15. Nac3 Qc7 16. b5 axb5 17. cxb5 f5 18. exf5 gxf5 19. Ng3 Nxg3 20. hxg3 Kh8 21. Ne2 Bf6 22. Nxd4 cxd4 23. a4 Rg8 24. Kf2 Qc5 25. Bd3 Raf8 26. Bh6 Rf7 27. Rc1 Qb4 28. Rc4 Qa3 29. Bc1 Qa2+ 30. Qe2 Qxe2+ 31. Bxe2 e4 32. Rh1 Be5 33. g4 fxg4 34. Bb2 gxf3 35. gxf3 d3 36. Bxe5+ dxe5 37. Bd1 exf3 38. Rch4 Rg2+ 39. Ke3 Bg4 40. Kxd3 h5 41. Ke3 Kg7 42. Bb3 f2 43. d6 Rg3+ 44. Ke4 Rxb3 45. Kxe5 Re3+ 0-1


[Site "https://www.chess.com"]

[Event "Titled Tuesday Blitz August 17 2021"]
[White "Pichot, Alan"]
[Black "Melikhov, Evgeny V."]
[WhiteFideId "110973"]
[BlackFideId "4122046"]
[WhiteElo "2622"]
[BlackElo "1957"]
[Result "1-0"]
[Round "01"]
[TimeControl "180+1"]
[Date "2021.08.17"]
[WhiteClock "0:01:39"]
[BlackClock "0:01:07"]

1. e4 e5 2. Nf3 Nc6 3. Bb5 a6 4. Ba4 Nf6 5. d3 b5 6. Bb3 Be7 7. O-O d6 8. a3 O-O 9. Nc3 Na5 10. Ba2 c5 11. Bg5 h6 12. Bxf6 Bxf6 13. Bd5 Bb7 14. Bxb7 Nxb7 15. Nd5 Bg5 16. a4 b4 17. c3 a5 18. Qb3 Rb8 19. Qc4 Qd7 20. h3 Nd8 21. Qa6 Nc6 22. Nxg5 hxg5 23. Qxc6 Qe6 24. Qa6 Ra8 25. Qc4 Qh6 26. Ne7+ Kh7 27. Nf5 Qf6 28. Qd5 g6 29. Qxd6 Qxd6 30. Nxd6 Rad8 31. Nc4 Rxd3 32. Nxe5 Rd2 33. Nc4 Re2 34. Rfe1 1-0


[Site "https://www.chess.com"]

[Event "Titled Tuesday Blitz August 17 2021"]
[White "Podinic, Bojan"]
[Black "Petrovskyi, Vadym"]
[WhiteFideId "931160"]
[BlackFideId "14165210"]
[WhiteElo "2256"]
[BlackElo "2334"]
[Result "1-0"]
[Round "01"]
[TimeControl "180+1"]
[Date "2021.08.17"]
[WhiteClock "0:00:28"]
[BlackClock "0:00:33"]

1. e4 c5 2. Nc3 Nc6 3. f4 g6 4. Nf3 Bg7 5. Bb5 e6 6. Bxc6 bxc6 7. d3 Ne7 8. O-O O-O 9. Qe1 d5 10. e5 c4 11. dxc4 Ba6 12. Nd2 Nf5 13. Na4 f6 14. Nc5 Qb6 15. b4 fxe5 16. fxe5 dxc4 17. Nf3 c3 18. Rf2 Rfe8 19. Nxa6 Qxa6 20. Qxc3 Rad8 21. Bg5 Rd5 22. g4 Nd6 23. Re1 Nf7 24. Bf6 Bxf6 25. exf6 e5 26. Rfe2 Qc8 27. h3 Qe6 28. Nd4 Qxf6 29. Nxc6 Ng5 30. Qb3 Qxc6 31. Rxe5 Rxe5 32. Rxe5 Nf3+ 33. Qxf3 Rd1+ 34. Qxd1 Qb6+ 35. Kg2 Qc6+ 36. Qd5+ 1-0


[Site "https://www.chess.com"]

[Event "Titled Tuesday Blitz August 17 2021"]
[White "Primbetov, Kazbek"]
[Black "Butolo, Alexandru-Mircea"]
[WhiteFideId "13702297"]
[BlackFideId "1261649"]
[WhiteElo "2184"]
[BlackElo "1370"]
[Result "1/2-1/2"]
[Round "01"]
[TimeControl "180+1"]
[Date "2021.08.18"]
[WhiteClock "0:00:14"]
[BlackClock "0:00:04"]

1. d4 d5 2. Bf4 Nf6 3. e3 e6 4. c3 Bd6 5. Bxd6 cxd6 6. Nf3 Nc6 7. Nbd2 O-O 8. Bd3 e5 9. dxe5 dxe5 10. e4 Bg4 11. h3 Bh5 12. Qc2 d4 13. cxd4 Nxd4 14. Nxd4 Qxd4 15. Nb3 Qb4+ 16. Qd2 Qb6 17. f3 Rfd8 18. Qe2 Rac8 19. g4 Bg6 20. Rd1 Qb4+ 21. Qd2 Qa4 22. Qa5 Qc6 23. O-O a6 24. Kg2 h5 25. Qxe5 hxg4 26. hxg4 Rxd3 27. Rxd3 Nxg4 28. Qd5 Qc2+ 29. Rd2 Ne3+ 30. Kg1 Nxd5 31. Rxc2 Rxc2 32. Rd1 Ne3 33. Rd8+ Kh7 34. Rd7 Rxb2 35. Rxb7 Rxa2 36. Nd4 a5 37. Ra7 a4 38. Nb5 a3 39. Rxa3 Rxa3 40. Nxa3 Bh5 41. Kf2 Nc4 42. Nxc4 g6 43. e5 g5 44. Nd6 Kg6 45. Ke3 Kg7 46. Kf2 Kg6 47. Kg3 Kg7 48. Nf5+ Kg6 49. Ne7+ Kg7 50. Nd5 Bg6 51. Kg4 Kh6 52. Ne7 Bh5+ 53. Kg3 Kg7 54. Nf5+ Kg6 55. Nd4 Kg7 56. Nc6 Kg6 57. Ne7+ Kg7 1/2-1/2


[Site "https://www.chess.com"]

[Event "Titled Tuesday Blitz August 17 2021"]
[White "Prydun, Andriy"]
[Black "Holt, Conrad"]
[WhiteFideId "14145898"]
[BlackFideId "2034387"]
[WhiteElo "2047"]
[BlackElo "2586"]
[Result "0-1"]
[Round "01"]
[TimeControl "180+1"]
[Date "2021.08.17"]
[WhiteClock "0:00:03"]
[BlackClock "0:00:47"]

1. d4 d5 2. Nc3 Nf6 3. Bf4 Nh5 4. Be5 Nc6 5. e3 Nf6 6. Nb5 Nxe5 7. dxe5 Nd7 8. e6 fxe6 9. Bd3 Nf6 10. Nf3 c6 11. Nc3 g6 12. h4 Bg7 13. h5 Nxh5 14. Rxh5 gxh5 15. Ng5 Kd7 16. Qf3 Qf8 17. Qxh5 Kc7 18. Nf7 Rg8 19. Bxh7 Bxc3+ 20. bxc3 Rxg2 21. O-O-O Qg7 22. Kb2 Bd7 23. Be4 Rxf2 24. Ne5 Rh8 0-1


[Site "https://www.chess.com"]

[Event "Titled Tuesday Blitz August 17 2021"]
[White "Przybylski, Wojciech"]
[Black "Chigaev, Maksim"]
[WhiteFideId "1117599"]
[BlackFideId "4108116"]
[WhiteElo "2250"]
[BlackElo "2579"]
[Result "0-1"]
[Round "01"]
[TimeControl "180+1"]
[Date "2021.08.17"]
[WhiteClock "0:00:01"]
[BlackClock "0:00:47"]

1. d4 Nf6 2. c4 g6 3. Nc3 d5 4. cxd5 Nxd5 5. Nf3 Bg7 6. e4 Nxc3 7. bxc3 c5 8. Be3 Qa5 9. Qd2 Bg4 10. Rb1 a6 11. Be2 Nc6 12. Rc1 Bxf3 13. gxf3 cxd4 14. cxd4 Qxd2+ 15. Kxd2 Bxd4 16. Rhd1 O-O-O 17. Ke1 Bxe3 18. fxe3 Kc7 19. Rd5 Kb6 20. Rb1+ Ka7 21. Rc5 e6 22. f4 Rc8 23. e5 Ne7 24. Bf3 b5 25. Rxc8 Rxc8 26. a4 Kb6 27. axb5 axb5 28. Be2 Rc5 29. e4 g5 30. fxg5 Rxe5 31. h4 Ng6 32. Kf2 Nxh4 33. Rh1 Rxe4 34. Bd3 Rd4 35. Ke3 Rg4 36. Rf1 Rg3+ 37. Kd2 Nf3+ 38. Ke2 Ne5 39. Be4 Rxg5 40. Rh1 h5 41. Ke3 f5 42. Bc2 Nc4+ 0-1


[Site "https://www.chess.com"]

[Event "Titled Tuesday Blitz August 17 2021"]
[White "Pultinevicius, Paulius"]
[Black "Plotnikov, Pavel"]
[WhiteFideId "12809390"]
[BlackFideId "4170342"]
[WhiteElo "2479"]
[BlackElo "2298"]
[Result "1-0"]
[Round "01"]
[TimeControl "180+1"]
[Date "2021.08.17"]
[WhiteClock "0:00:32"]
[BlackClock "0:00:03"]

1. d4 d5 2. c4 e6 3. Nc3 Be7 4. Nf3 Nf6 5. Bg5 O-O 6. e3 b6 7. Be2 dxc4 8. Bxc4 Bb7 9. O-O Nbd7 10. Qe2 a6 11. a4 c5 12. Rfd1 Qc7 13. Rac1 Rac8 14. d5 exd5 15. Nxd5 Bxd5 16. Bxd5 Nxd5 17. Rxd5 Bxg5 18. Nxg5 Nf6 19. Rdd1 h6 20. Nf3 Qb7 21. Ne5 Rfd8 22. f3 Rd5 23. Rxd5 Qxd5 24. Nc4 Qc6 25. Rd1 Rb8 26. b3 b5 27. axb5 axb5 28. Na3 Qe6 29. Qd3 Qc6 30. e4 Qb6 31. Qe3 Ra8 32. Nb1 Ra1 33. h3 Qc6 34. Qc3 Ra2 35. Qd3 Qe6 36. Nc3 Rb2 37. Qxb5 1-0


[Site "https://www.chess.com"]

[Event "Titled Tuesday Blitz August 17 2021"]
[White "Pulvett Marin, Daniel Eduardo"]
[Black "Torkkola, Henri"]
[WhiteFideId "3900410"]
[BlackFideId "507660"]
[WhiteElo "2413"]
[BlackElo "2137"]
[Result "0-1"]
[Round "01"]
[TimeControl "180+1"]
[Date "2021.08.18"]
[WhiteClock "0:00:01"]
[BlackClock "0:00:24"]

1. e4 e5 2. Nf3 Nc6 3. Nc3 Nf6 4. Be2 Be7 5. O-O O-O 6. Re1 Re8 7. d3 d6 8. h3 h6 9. Be3 Bf8 10. Qd2 Ne7 11. d4 exd4 12. Nxd4 Ng6 13. Nf5 Nxe4 14. Nxe4 Bxf5 15. Ng3 Be6 16. f4 Bd7 17. Bd3 Nh4 18. c3 Bc6 19. Bf1 Qf6 20. Qf2 Nf5 21. Nxf5 Qxf5 22. Rad1 a6 23. Bd3 Be4 24. Bxe4 Rxe4 25. g4 Qe6 26. f5 Qe5 27. Bd4 Rxe1+ 28. Rxe1 Qd5 29. a3 c5 30. Be3 Re8 31. Bf4 Rxe1+ 32. Qxe1 Qc6 33. Qe3 d5 34. g5 hxg5 35. Bxg5 d4 36. cxd4 cxd4 37. Qg3 f6 38. Bf4 Qd5 39. Qd3 Bd6 40. Bd2 b5 41. a4 Kf7 42. axb5 axb5 43. Bc3 Bc5 44. Bd2 Qc4 45. Qe4 d3+ 46. Kg2 Qxe4+ 0-1


[Site "https://www.chess.com"]

[Event "Titled Tuesday Blitz August 17 2021"]
[White "Quintiliano Pinto, Renato R."]
[Black "Nguyen Hong Nhung"]
[WhiteFideId "2117568"]
[BlackFideId "12412201"]
[WhiteElo "2439"]
[BlackElo "1661"]
[Result "1-0"]
[Round "01"]
[TimeControl "180+1"]
[Date "2021.08.18"]
[WhiteClock "0:00:25"]
[BlackClock "0:00:17"]

1. e4 c5 2. Nf3 e6 3. c3 Nf6 4. e5 Nd5 5. d4 cxd4 6. cxd4 d6 7. Bc4 Nb6 8. Bd3 Nc6 9. Bg5 Be7 10. Bxe7 Qxe7 11. O-O dxe5 12. dxe5 O-O 13. Nc3 Nb4 14. Be4 Rd8 15. Qe2 N4d5 16. Nb5 Bd7 17. Nd6 Bc6 18. g3 Nd7 19. Nc4 Rac8 20. Na5 Nc5 21. Nxc6 Rxc6 22. Bb1 Rdc8 23. a3 g6 24. Ba2 Nb6 25. Nd4 R6c7 26. Nb5 Rd7 27. Nd6 Rcd8 28. Rac1 Na6 29. Ne4 Kg7 30. b4 Rc7 31. Nd6 Rxc1 32. Rxc1 Nc7 33. Nxb7 Ncd5 34. Nxd8 Qxd8 35. Qd2 Qe7 36. h4 h5 37. Qg5 Qd7 38. Rc5 Qa4 39. Qc1 Qa6 40. Bc4 Nxc4 41. Rxc4 Qb6 42. Rc5 Qb8 43. Qe1 Qb6 44. Qd2 Qb7 45. Qd4 Qd7 46. b5 Qb7 47. a4 Qb6 48. Rxd5 exd5 49. Qxb6 axb6 50. a5 d4 51. axb6 d3 52. Kf1 d2 53. Ke2 Kh6 54. Kd1 g5 55. b7 gxh4 56. b8=Q Kg6 57. Qd6+ Kg7 58. Qf6+ Kh7 59. Qxh4 Kh6 60. Qf6+ Kh7 61. e6 fxe6 62. Qf7+ Kh6 63. Qxe6+ Kg5 64. Qe3+ Kg4 65. Qf4+ Kh3 66. Qh4+ Kg2 67. Qxh5 Kf1 68. g4 Kxf2 69. g5 Kf1 70. g6 Kf2 71. g7 Kf1 72. g8=Q Kf2 73. Qhf7+ Ke3 74. Qg3+ Ke4 75. Qgf3+ Kd4 76. Q7f4+ Kc5 77. Qc6# 1-0


[Site "https://www.chess.com"]

[Event "Titled Tuesday Blitz August 17 2021"]
[White "Quparadze, Giga"]
[Black "Boskovic, Drasko"]
[WhiteFideId "13602250"]
[BlackFideId "927368"]
[WhiteElo "2658"]
[BlackElo "2388"]
[Result "1-0"]
[Round "01"]
[TimeControl "180+1"]
[Date "2021.08.17"]
[WhiteClock "0:01:36"]
[BlackClock "0:00:04"]

1. e4 c5 2. Nf3 Nc6 3. Bb5 d6 4. O-O Bd7 5. Re1 Nf6 6. Nc3 a6 7. Bxc6 Bxc6 8. d4 cxd4 9. Nxd4 e5 10. Nxc6 bxc6 11. Bg5 Be7 12. Qd3 O-O 13. Rad1 Rb8 14. b3 Qa5 15. Na4 Rfd8 16. c4 h6 17. Bxf6 Bxf6 18. Qd2 Qxd2 19. Rxd2 Bg5 20. Rd3 Be7 21. Red1 Kf8 22. g3 g6 23. f4 exf4 24. gxf4 Ke8 25. Kg2 Rd7 26. Nc5 Ra7 27. Na4 Rab7 28. Kf3 Rb4 29. Nc3 a5 30. e5 dxe5 31. fxe5 R4b7 32. e6 fxe6 33. Re1 Bb4 34. Rxe6+ Re7 35. Rxc6 Bxc3 36. Rxc3 Kd7 37. Rxg6 Rf8+ 38. Kg3 Re2 39. Rd3+ Kc7 40. Rxh6 Rxa2 41. Rf3 Rg8+ 42. Kh3 Rg7 43. Rff6 Rb2 44. Rc6+ Kd7 45. Rhd6+ Ke7 46. Re6+ Kd7 47. Rcd6+ Kc7 48. Rd3 Rh7+ 49. Kg4 Rhxh2 50. Ra6 Rhg2+ 51. Kf4 Rbf2+ 52. Ke4 Rg4+ 53. Ke5 Rg5+ 54. Kd4 Rg4+ 55. Kc3 Rf5 56. Rh3 Kb7 57. Re6 Rf7 58. Rh5 Rg3+ 59. Kb2 Rff3 60. Rh7+ 1-0


[Site "https://www.chess.com"]

[Event "Titled Tuesday Blitz August 17 2021"]
[White "Rodchenkov, Vitaly"]
[Black "Maze, Sebastien"]
[WhiteFideId "4152964"]
[BlackFideId "613762"]
[WhiteElo "2337"]
[BlackElo "2462"]
[Result "1-0"]
[Round "01"]
[TimeControl "180+1"]
[Date "2021.08.18"]
[WhiteClock "0:00:49"]
[BlackClock "0:00:07"]

1. e4 c5 2. Nf3 Nc6 3. d4 cxd4 4. Nxd4 g6 5. Nc3 Bg7 6. Nb3 Nf6 7. Be2 d6 8. O-O O-O 9. Re1 a6 10. Bg5 b5 11. Bf1 Bb7 12. Qd2 Nd7 13. a4 b4 14. Nd5 Bxb2 15. Rab1 Bg7 16. Nxb4 Nxb4 17. Qxb4 Rb8 18. Qd2 Qc7 19. Bxe7 Bc3 20. Qxd6 Rbc8 21. Bxf8 Nxf8 22. Qxc7 Rxc7 23. Re3 Ne6 24. Bd3 Bc6 25. a5 Ba4 26. Bxa6 Bxb3 27. cxb3 Bxa5 28. Bc4 Nd4 29. Kf1 Bb6 30. Rd3 Kg7 31. Rbd1 Rd7 32. f4 Kf6 33. g3 g5 34. Kg2 Rd8 35. e5+ Kf5 36. Bxf7 gxf4 37. gxf4 Rf8 38. Bc4 Ne2 39. Rd6 Nxf4+ 40. Kf3 Bc5 41. Rf6+ Rxf6 42. exf6 Ng6 43. f7 Ne5+ 44. Ke2 Kf6 45. Rf1+ Kg7 46. Rf5 Bd6 47. f8=Q+ 1-0


[Site "https://www.chess.com"]

[Event "Titled Tuesday Blitz August 17 2021"]
[White "Ronka, Erik"]
[Black "Sevian, Samuel"]
[WhiteFideId "505080"]
[BlackFideId "2040506"]
[WhiteElo "2264"]
[BlackElo "2986"]
[Result "1/2-1/2"]
[Round "01"]
[TimeControl "180+1"]
[Date "2021.08.17"]
[WhiteClock "0:00:05"]
[BlackClock "0:00:53"]

1. d4 Nf6 2. c4 e5 3. dxe5 Ng4 4. e3 Nxe5 5. Nh3 g6 6. Nf4 Bg7 7. Be2 O-O 8. O-O b6 9. Nc3 Bb7 10. Ncd5 c6 11. Nc3 Re8 12. Qc2 Na6 13. b3 Nb4 14. Qd2 a5 15. Bb2 Qh4 16. Ne4 d5 17. Nd6 Re7 18. Nxb7 Rxb7 19. cxd5 Nxd5 20. Nxd5 Rd8 21. g3 Qb4 22. Qxb4 axb4 23. Nxb4 Rd2 24. Bxe5 Bxe5 25. Rae1 c5 26. Nd3 Bc3 27. Nf4 Rxa2 28. Rc1 Be5 29. Bf3 Rba7 30. Nd5 R7a6 31. b4 Bd6 32. Nf6+ Kh8 33. Ne4 Be7 34. bxc5 bxc5 35. Nxc5 Rf6 36. Bg2 Kg7 37. Ne4 Rb6 38. h4 Ra7 39. Ng5 Rb5 40. Nf3 Rb2 41. Nd4 Bf6 42. Nc6 Raa2 43. Nd4 Ra7 44. Rc6 h5 45. Bd5 Rd7 46. Bg2 Ra7 47. Rfc1 Raa2 48. R1c2 Bxd4 49. Rxb2 Bxb2 50. Rc7 Ra5 51. Rd7 Kf8 52. Bd5 Ke8 53. Rd6 Be5 54. Bc6+ Kf8 55. Rd8+ Kg7 56. Bd5 Ra7 57. f4 Bc3 58. Kg2 f5 59. e4 Ra3 60. exf5 gxf5 61. Be6 Kf6 62. Bd5 Be1 63. Bf3 Ra2+ 64. Kh3 Ra3 65. Kg2 Ra2+ 66. Kh3 Ra3 67. Kg2 1/2-1/2


[Site "https://www.chess.com"]

[Event "Titled Tuesday Blitz August 17 2021"]
[White "Rottenwohrer Suarez, Juan"]
[Black "Garcia Herrera, Enrique Ric"]
[WhiteFideId "32068182"]
[BlackFideId "5115124"]
[WhiteElo "2158"]
[BlackElo "1875"]
[Result "1-0"]
[Round "01"]
[TimeControl "180+1"]
[Date "2021.08.18"]
[WhiteClock "0:00:04"]
[BlackClock "0:00:06"]

1. Nf3 c5 2. c4 Nc6 3. Nc3 e5 4. g3 g6 5. Bg2 Bg7 6. O-O Nge7 7. Ne1 O-O 8. Nc2 d6 9. Ne3 Be6 10. Ned5 a6 11. a3 Rb8 12. b4 b5 13. d3 bxc4 14. dxc4 cxb4 15. axb4 Nxb4 16. Nxb4 Rxb4 17. Rxa6 Rxc4 18. Rxd6 Qa5 19. Ne4 Nf5 20. Rxe6 fxe6 21. Ng5 Qb6 22. Nxe6 Rfc8 23. Bg5 Kh8 24. Bd5 Rc2 25. e4 Nd4 26. Be3 Qb4 27. Ng5 h6 28. Nf7+ Kh7 29. Qg4 Qb6 30. Qh3 Qf6 31. Nxh6 Nf3+ 32. Kh1 Ng5 33. Bxg5 Qxg5 34. Nf7+ Qh5 35. Qxh5+ gxh5 36. Nd6 Rd8 37. Nf5 Bf6 38. h4 Rb8 39. Kg2 Rbb2 40. Ne3 Rd2 41. Be6 Rbc2 42. Bf5+ Kg7 43. Nxc2 Rxc2 44. Rd1 Kf8 45. Rd7 Be7 46. Rb7 Bc5 47. Rb8+ Ke7 48. Rh8 Rxf2+ 49. Kh3 Rf3 50. Rh7+ Kf6 51. Rxh5 Bf2 52. Rg5 Ra3 53. Rg4 Rb3 54. h5 Rb1 55. Kg2 Be3 56. h6 Rb2+ 57. Kh3 Rb1 58. h7 Rh1+ 59. Kg2 Rh6 60. Rg8 Kf7 61. h8=Q 1-0


[Site "https://www.chess.com"]

[Event "Titled Tuesday Blitz August 17 2021"]
[White "Sadovsky, Artem"]
[Black "Muradov, Soltan"]
[WhiteFideId "4155840"]
[BlackFideId "14002108"]
[WhiteElo "2442"]
[BlackElo "1854"]
[Result "1-0"]
[Round "01"]
[TimeControl "180+1"]
[Date "2021.08.18"]
[WhiteClock "0:00:03"]
[BlackClock "0:00:02"]

1. Nf3 Nf6 2. c4 e6 3. b3 b6 4. Bb2 Bb7 5. e3 c5 6. Be2 Be7 7. O-O d5 8. cxd5 Bxd5 9. Nc3 Bb7 10. d4 cxd4 11. Nxd4 O-O 12. Bf3 Bxf3 13. Qxf3 Na6 14. Rfd1 Qe8 15. Nc6 Bc5 16. Nb5 Nd5 17. Qg4 f6 18. Ncd4 Nac7 19. Nxe6 Qxe6 20. Qxe6+ Nxe6 21. Rxd5 a6 22. Nd6 Rfd8 23. Rad1 Rd7 24. Ne4 Rxd5 25. Rxd5 Bf8 26. Rd1 Rc8 27. Rc1 Rd8 28. Kf1 f5 29. Ng3 Rd2 30. Bc3 Rxa2 31. Nxf5 Nc5 32. Rd1 Nxb3 33. Rd7 g6 34. Ne7+ Kf7 35. Nc8+ Ke6 36. Rd8 Bc5 37. g4 Nc1 38. Bd4 Nd3 39. Bxc5 Nxc5 40. Kg2 Ne4 41. Nxb6 Rxf2+ 42. Kg1 Rb2 43. Re8+ Kf7 44. Rxe4 Rxb6 45. Ra4 Rb3 46. Kf2 Rb2+ 47. Kf3 Rb6 48. h4 h6 49. Kf4 Kf6 50. Ra5 Rb4+ 51. e4 Rb6 52. Ra4 Ke6 53. Ra5 Kf6 54. g5+ hxg5+ 55. hxg5+ Ke6 56. Re5+ Kf7 57. Ra5 Ke6 58. Ra4 Kf7 59. Ke5 Rb5+ 60. Kd6 Rxg5 61. e5 Rg1 62. Rd4 Re1 63. Rf4+ Ke8 64. Ke6 1-0


[Site "https://www.chess.com"]

[Event "Titled Tuesday Blitz August 17 2021"]
[White "Santos Flores, Alberto"]
[Black "Shimelkov, Vasiliy"]
[WhiteFideId "3601234"]
[BlackFideId "13701630"]
[WhiteElo "2293"]
[BlackElo "2073"]
[Result "0-1"]
[Round "01"]
[TimeControl "180+1"]
[Date "2021.08.18"]
[WhiteClock "0:00:11"]
[BlackClock "0:00:40"]

1. d4 d5 2. Nf3 Nf6 3. c4 e6 4. Nc3 Be7 5. Bf4 O-O 6. e3 b6 7. Bd3 Bb7 8. O-O c5 9. Rc1 Na6 10. a3 Nc7 11. dxc5 bxc5 12. Bxc7 Qxc7 13. cxd5 exd5 14. b4 c4 15. Bb1 a5 16. Nb5 Qb6 17. Nbd4 axb4 18. axb4 Bxb4 19. Ne5 Rfe8 20. f4 Bd6 21. Ng4 Nxg4 22. Qxg4 Rxe3 23. Rcd1 Rd3 24. f5 Bc5 25. Bxd3 Bxd4+ 26. Kh1 cxd3 27. Rf3 Bf6 28. Rfxd3 d4 29. h4 Qc6 30. Rg3 h6 31. h5 Qc2 32. Rgd3 Ra2 33. R1d2 Qxd2 34. Rxd2 Rxd2 0-1


[Site "https://www.chess.com"]